 Dungeon Crawl Stone Soup version 0.20.0-15-g7f486f2 (webtiles) character file.

15323 NoAnimeNoLife the Stickfighter (level 12, 0/151 HPs)
             Began as a Minotaur Gladiator on June 13, 2017.
             Was the Champion of Okawaru.
             Slain by Rupert
             ... wielding a +6 great mace of protection
              (27 damage)
             ... on level 3 of the Lair of Beasts.
             The game lasted 00:37:10 (17502 turns).

NoAnimeNoLife the Stickfighter (MiGl)              Turns: 17502, Time: 00:37:10

Health: 0/151      AC: 26    Str: 20    XL:     12   Next: 0%
Magic:  15/15      EV:  2    Int:  5    God:    Okawaru [******]
Gold:   971        SH:  0    Dex: 20    Spells: 11/11 levels left

rFire    . . .     SeeInvis .   a - +1 quarterstaff
rCold    . . .     Gourm    .   (shield currently unavailable)
rNeg     + + +     Faith    .   (armour currently unavailable)
rPois    +         Spirit   .   (helmet currently unavailable)
rElec    .         Reflect  .   (cloak currently unavailable)
rCorr    .         Harm     +   (gloves currently unavailable)
MR       +....     NoTele   +   (boots currently unavailable)
Stlth    ++........             L - amulet of harm
Regen    0.4/turn               G - +4 ring of dexterity
MPRegen  0.2/turn               p - ring of protection from magic

@: tree-form, studying Slings
A: (retaliatory headbutt), blink, sense surroundings 1
a: Blink, Heroism, Finesse, Renounce Religion


You were on level 3 of the Lair of Beasts.
You worshipped Okawaru.
Okawaru was exalted by your worship.
You were hungry.
You were a tree.
You visited 3 branches of the dungeon, and saw 16 of its levels.
You also visited: Ossuary.

You collected 971 gold pieces.

Inventory:

Hand Weapons
 a - a +1 quarterstaff (weapon)
Missiles
 d - a throwing net
 l - 143 stones (quivered)
Armour
 b - a +0 leather armour
 c - a +1 hat (melded)
 s - a +0 ring mail
 w - a +0 chain mail
 x - a +0 scale mail
 K - a +2 ring mail of magic resistance (melded)
 U - the +4 buckler "Rics" {+Fly rElec MR+ Stlth+, unknown}
   (Okawaru gifted it to you on level 2 of the Lair of Beasts)

   It insulates you from electricity.
   It affects your resistance to hostile enchantments.
   It lets you fly.
   It makes you more stealthy.
Magical Staves
 q - an uncursed staff of earth
 y - an uncursed staff of poison
Jewellery
 p - a ring of protection from magic (right branch)
 t - an uncursed ring of protection from cold
 z - an uncursed ring of flight
 C - an uncursed amulet of magic regeneration
 G - a +4 ring of dexterity (left branch)
 L - an amulet of harm (around neck)
 M - an uncursed ring of see invisible
Wands
 r - a wand of iceblast (2/15)
 H - a wand of digging (9/24)
 S - a wand of random effects (32/48)
Scrolls
 g - 3 scrolls of remove curse
 h - a scroll of teleportation
 i - 2 scrolls of blinking
 j - 3 scrolls of enchant armour
 k - 5 scrolls of amnesia
 v - 2 scrolls of recharging
 D - a scroll of magic mapping
 E - 4 scrolls of enchant weapon
 O - 2 scrolls of identify
 P - a scroll of fog
Potions
 e - 7 potions of curing
 m - 4 potions of brilliance
 n - a potion of invisibility
 u - a potion of lignification
 A - 2 potions of degeneration
 J - 2 potions of flight
Books
 o - a book of Minor Magic

   Spells                             Type                      Level
   a - Magic Dart                     Conjuration                  1
   b - Blink                          Translocation                2
   c - Call Imp                       Summoning                    2
   d - Slow                           Hexes                        2
   e - Conjure Flame                  Conjuration/Fire             3
   f - Mephitic Cloud                 Conjuration/Poison/Air       3
 Q - a manual of Slings
 R - a book of Power

   Spells                             Type                      Level
   a - Iskenderun's Battlesphere      Conjuration/Charms           5
   b - Venom Bolt                     Conjuration/Poison           5
   c - Bolt of Magma                  Conjuration/Fire/Earth       5
   d - Iron Shot                      Conjuration/Earth            6
   e - Orb of Destruction             Conjuration                  7
   f - Spellforged Servitor           Conjuration/Summoning        7
Comestibles
 f - 2 bread rations
 F - 4 royal jellies
 I - 6 meat rations
 N - 3 fruits


   Skills:
 + Level 8.0 Fighting
 + Level 16.8 Staves
 - Level 2.0 Throwing
 + Level 7.6 Armour
 + Level 7.9 Dodging
 + Level 6.4 Invocations


You had 11 spell levels left.
You didn't know any spells.

Dungeon Overview and Level Annotations

Branches:
Dungeon (11/15)            Temple (1/1) D:4            Lair (4/6) D:8
 Spider (0/4) Lair:3          Orc (0/2) D:9
  Swamp: Lair:2-4    Shoals: Lair:2-4

Altars:
Ashenzari
Cheibriados
Dithmenos
Elyvilon
Fedhas
Gozag
Hepliaklqana
Kikubaaqudgha
Makhleb
Nemelex Xobeh
Okawaru
Qazlal
Ru
Sif Muna
Trog
Uskayaw
Vehumet
Xom
Yredelemnul
Zin
The Shining One

Annotations:
Lair:3 Rupert


Innate Abilities, Weirdness & Mutations

((You reflexively headbutt those who attack you in melee.))
((You have a pair of horns on your head.))
((You have large cloven feet.))
You can translocate small distances at will.
You passively map a small area around you.


Message History

Rupert is lightly wounded.
Rupert hits you but does no damage.
You hit Rupert but do no damage.
Rupert is lightly wounded.
Rupert hits you with a great mace of protection!
* * * LOW HITPOINT WARNING * * *
You hit Rupert but do no damage.
Rupert is lightly wounded.
You sock Rupert!
Rupert is lightly wounded.
Rupert hits you with a great mace of protection!
* * * LOW HITPOINT WARNING * * *
You feel much better.
Rupert hits you with a great mace of protection!!
* * * LOW HITPOINT WARNING * * *
You cannot teleport because you are held in place by your roots.
Okay, then.
You feel better.
Rupert hits you with a great mace of protection!!
You die...

#......##................. ###
###.#...#.................
##.#####.##.P..###...............
#.##.......PP..##.....##.....#...
.................#.....##P...#...
...#..........#####..............
.####...........⌠.#.#####...P#...
..##.................#.##........
..##P.........⌠.♣@⌠#.............
.............#..%†.#.............
.............#....###.###...#....
.....####.#..##..#####.##.###.#..
....#......###.....###.....[###..
.#......###.#.....#.#..##...#####
##P.........#.#.....#..........##
#.......⌠...+.#.⌠.#.....⌠...#....
##..........#........#......+...#


You could see Rupert (berserk).

Vanquished Creatures
  A two-headed ogre (D:8)
  Sonja (D:10)
  Pikel (D:8)
  An ugly thing (D:9)
  A black mamba (Lair:2)
  An elephant (Lair:3)
  5 spiny frogs
  2 centaur skeletons (D:9)
  A rime drake (Lair:2)
  A komodo dragon (Lair:2)
  4 hippogriffs
  A tarantella (Lair:3)
  5 yaks
  A basilisk (Lair:3)
  6 water moccasins
  5 orc warriors
  3 porcupines
  2 ice beasts
  3 sky beasts
  A phantom (D:6)
  A black bear (D:10)
  5 ogres
  A wolf (Lair:1)
  5 crocodiles
  5 centaurs
  A big kobold (D:10)
  The ghost of Malak the Grave Robber, an amateur DENe of Jiyva (D:4)
  A gnoll sergeant (D:9)
  9 bullfrogs
  5 scorpions
  49 killer bees
  8 wights
  5 howler monkeys
  3 crimson imps
  2 bullfrog zombies
  A centaur zombie (D:9)
  7 orc priests
  2 jellies (D:7)
  8 orc wizards
  2 hounds (D:8)
  2 iguanas
  12 worker ants
  A big kobold zombie (Ossuary)
  3 hound skeletons
  8 mummies (Ossuary)
  A howler monkey zombie (D:6)
  7 gnolls
  10 adders
  A howler monkey skeleton (D:6)
  2 shadow imps
  An ooze (D:5)
  An adder zombie (D:8)
  An adder skeleton (D:4)
  4 worms
  4 leopard geckos
  55 orcs
  2 ball pythons
  6 bats
  A giant cockroach (D:2)
  A gnoll zombie (Ossuary)
  6 hobgoblins
  10 jackals
  2 quokkas (D:2)
  6 frilled lizards
  10 goblins
  2 hobgoblin zombies (Ossuary)
  13 kobolds
  2 kobold zombies (Ossuary)
  A leopard gecko zombie (D:8)
  2 orc zombies (Ossuary)
  7 rats
351 creatures vanquished.

Vanquished Creatures (others)
  3 slaves (D:8)
  A fungus (D:8)
4 creatures vanquished.

Grand Total: 355 creatures vanquished

Notes
Turn   | Place    | Note
-------+----------+-------------------------------------------
     0 | D:1      | NoAnimeNoLife the Minotaur Gladiator began the quest for the Orb.
     0 | D:1      | Reached XP level 1. HP: 18/18 MP: 0/0
   149 | D:1      | Reached skill level 4 in Staves
   174 | D:1      | Reached XP level 2. HP: 18/25 MP: 1/1
   653 | D:2      | Reached skill level 5 in Staves
   657 | D:2      | Reached XP level 3. HP: 27/30 MP: 2/2
   930 | D:2      | Reached XP level 4. HP: 37/37 MP: 3/3
   937 | D:2      | Reached skill level 6 in Staves
  1552 | D:3      | Reached skill level 7 in Staves
  1552 | D:3      | Reached XP level 5. HP: 42/42 MP: 4/4
  1868 | D:4      | Noticed Malak's ghost (amateur DENe)
  1917 | D:4      | Killed Malak's ghost
  1982 | D:4      | Found a staircase to the Ecumenical Temple.
  2014 | Temple   | Entered the Ecumenical Temple
  2070 | Temple   | Became a worshipper of Warmaster Okawaru
  2136 | D:4      | Reached skill level 8 in Staves
  2177 | D:4      | Reached XP level 6. HP: 28/50 MP: 5/5
  2303 | D:4      | Found a basalt altar of Yredelemnul.
  2324 | D:4      | Found a sand-covered staircase.
  2333 | Ossuary  | Entered an ossuary
  2594 | Ossuary  | Reached skill level 9 in Staves
  2718 | Ossuary  | Reached * piety under Okawaru
  3032 | D:4      | Found a hazy altar of Hepliaklqana.
  3143 | D:5      | Entered Level 5 of the Dungeon
  3334 | D:5      | Reached XP level 7. HP: 49/56 MP: 6/6
  3554 | D:5      | Found a deep blue altar of Sif Muna.
  4022 | D:6      | Reached skill level 10 in Staves
  4023 | D:6      | Gained mutation: You passively map a small area around you. [potion of mutation]
  4023 | D:6      | Gained mutation: You have large cloven feet. [potion of mutation]
  4023 | D:6      | Gained mutation: You can translocate small distances at will. [potion of mutation]
  4580 | D:6      | Reached skill level 11 in Staves
  4645 | D:6      | Found a shimmering altar of Xom.
  4842 | D:6      | Reached XP level 8. HP: 47/62 MP: 7/7
  5065 | D:6      | Reached ** piety under Okawaru
  5065 | D:6      | Reached skill level 12 in Staves
  5644 | D:7      | Reached skill level 13 in Staves
  5719 | D:7      | Reached *** piety under Okawaru
  6010 | D:7      | Reached XP level 9. HP: 31/68 MP: 8/8
  6336 | D:7      | Reached skill level 14 in Staves
  6621 | D:8      | Found a staircase to the Lair.
  7385 | D:8      | Noticed Pikel
  7402 | D:8      | Killed Pikel
  7402 | D:8      | Reached skill level 15 in Staves
  7621 | D:8      | Reached **** piety under Okawaru
  7693 | D:8      | Reached skill level 1 in Armour
  7707 | D:8      | Reached skill level 1 in Invocations
  7931 | D:8      | Reached XP level 10. HP: 28/77 MP: 10/10
  8851 | D:9      | Found a glowing silver altar of Zin.
  8895 | D:9      | Noticed a white ugly thing
  8922 | D:9      | Killed a white ugly thing
  8922 | D:9      | Reached ***** piety under Okawaru
  9282 | D:9      | Found a staircase to the Orcish Mines.
  9585 | D:9      | Found a blossoming altar of Fedhas.
  9607 | D:9      | Found an opulent altar of Gozag.
  9609 | D:9      | Found a shimmering altar of Xom.
  9720 | D:10     | Entered Level 10 of the Dungeon
 10005 | D:10     | Received a gift from Okawaru
 10258 | D:10     | Reached skill level 16 in Staves
 10258 | D:10     | Reached skill level 5 in Dodging
 10524 | D:10     | Reached skill level 5 in Fighting
 10681 | D:10     | Noticed Sonja
 11238 | D:10     | Killed Sonja
 11238 | D:10     | Received a gift from Okawaru
 11656 | D:8      | Noticed a two-headed ogre
 11670 | D:8      | Killed a two-headed ogre
 11670 | D:8      | Reached skill level 5 in Armour
 11700 | Lair:1   | Entered Level 1 of the Lair of Beasts
 11713 | Lair:1   | Reached XP level 11. HP: 66/89 MP: 13/13
 12701 | Lair:1   | Reached skill level 5 in Invocations
 14633 | Lair:2   | Received a gift from Okawaru
 15985 | Lair:2   | Reached ****** piety under Okawaru
 15985 | Lair:2   | Received a gift from Okawaru
 15988 | Lair:2   | Got a translucent buckler {god gift}
 16433 | Lair:3   | Found a hole to the Spider Nest.
 17441 | Lair:4   | Noticed Rupert
 17493 | Lair:3   | Reached XP level 12. HP: 59/101 MP: 15/15
 17502 | Lair:3   | Slain by Rupert

Skill      XL: |  1  2  3  4  5  6  7  8  9 10 11 |
---------------+----------------------------------+-----
Staves         | 4 5 7 8 9 11 13 15 16 | 16.8
Armour         | 2 5 7 |  7.6
Invocations    | 1 4 6 |  6.4
Fighting       | 3 5 8 |  8.0
Dodging        | 4 5 7 |  7.9
Throwing       | |  2.0

Action                   |  1- 3 |  4- 6 |  7- 9 | 10-12 || total
-------------------------+-------+-------+-------+-------++-------
Melee: Quarterstaff      |    62 |   185 |   415 |   541 ||  1203
       Headbutt          |    10 |    30 |    69 |    94 ||   203
       Kick              |       |       |    99 |   162 ||   261
Throw: Stone             |       |       |    10 |    24 ||    34
       Throwing net      |       |       |       |     5 ||     5
Invok: Heroism           |       |       |       |     3 ||     3
 Abil: Blink             |       |       |       |     1 ||     1
  Use: Scroll            |       |    14 |    10 |     2 ||    26
       Potion            |       |     2 |     6 |    12 ||    20
 Stab: Held in net/web   |       |       |       |     6 ||     6
  Eat: Chunk             |       |     5 |     9 |     9 ||    23
       Meat ration       |       |     1 |       |       ||     1
       Fruit             |       |       |     5 |     3 ||     8
       Bread ration      |       |       |       |     4 ||     4
       Royal jelly       |       |       |       |     1 ||     1
Armor: Leather armour    |    18 |     5 |       |       ||    23
       Ring mail         |       |    28 |    55 |   108 ||   191
       Skin              |       |    10 |    13 |     2 ||    25
       Chain mail        |       |       |       |    23 ||    23
Dodge: Dodged            |    40 |    89 |   158 |   364 ||   651
